 Dungeon Crawl Stone Soup version 0.16.1-51-g6203257 (webtiles) character file.

1565 DeXoteric the Cleaver (level 8, 0/71 HPs)
             Began as a Minotaur Berserker on July 6, 2015.
             Was a High Priest of Trog.
             Slain by Grinder (2 damage)
             ... on level 5 of the Dungeon.
             The game lasted 00:23:07 (4618 turns).

DeXoteric the Cleaver (Minotaur Berserker)          Turns: 4618, Time: 00:23:09

Health: 0/71       AC: 13    Str: 23    XL:     8   Next: 59%
Magic:  3/3        EV:  8    Int:  4    God:    Trog [*****.]
Gold:   279        SH:  0    Dex: 11    Spells: 0 memorised, 7 levels left

rFire  + . .     SeeInvis .     a - +0 war axe
rCold  . . .     Clarity  .     f - +0 chain mail
rNeg   . . .     SustAb   .     (no shield)
rPois  .         Gourm    .     (helmet restricted)
rElec  .         Spirit   .     z - +0 cloak
rCorr  +         Warding  .     e - +2 pair of gloves
rMut   .         Stasis   .     (no boots)
MR     ++...                    y - amulet of resist corrosion
Stlth  ..........               s - ring of protection from fire
                                w - +4 ring of slaying

@: regenerating, very resistant to hostile enchantments, extremely unstealthy
A: retaliatory headbutt, horns 2
a: Burn Spellbooks, Berserk, Trog's Hand, Brothers in Arms, Renounce Religion


You were on level 5 of the Dungeon.
You worshipped Trog.
Trog was extremely pleased with you.
You were not hungry.

You visited 2 branches of the dungeon, and saw 6 of its levels.

You collected 279 gold pieces.


Innate Abilities, Weirdness & Mutations

You reflexively headbutt those who attack you in melee.
You have a pair of horns on your head.


   Skills:
 + Level 6.7 Fighting
 + Level 11.9 Axes
 - Level 2.4 Armour
 - Level 2.1 Dodging


You had 7 spell levels left.
You didn't know any spells.

Inventory:

Hand weapons
 a - a +0 war axe (weapon)
 b - a +0 blowgun
Missiles
 r - 4 curare-tipped needles {=f}
Armour
 e - a +2 pair of gloves (worn)
 f - a +0 chain mail (worn)
 z - a +0 cloak (worn)
Jewellery
 n - an uncursed ring of protection from magic
 s - a ring of protection from fire (right hand)
 w - a +4 ring of slaying (left hand)
 y - an amulet of resist corrosion (around neck)
Magical devices
 u - a wand of disintegration (21)
 v - a wand of fireball (5)
 B - a wand of lightning (9)
Scrolls
 g - 2 scrolls of fear {unknown}
 h - 2 scrolls of recharging {unknown}
 i - a scroll of enchant weapon {unknown}
 k - 6 scrolls of identify {unknown}
 l - 4 scrolls of remove curse {unknown}
 m - a scroll of random uselessness {unknown}
 o - 2 scrolls of enchant armour {unknown}
 q - a scroll of fog {unknown}
Potions
 j - 3 potions of curing {unknown}
 p - a potion of mutation {unknown}
 t - 2 potions of lignification {unknown}
 x - a potion of flight {unknown}
 A - a potion of heal wounds {unknown}
Comestibles
 c - 3 bread rations
 d - 5 meat rations

Dungeon Overview and Level Annotations

Branches:
Dungeon (5/15)             Temple (1/1) D:5

Altars:
Ashenzari
Cheibriados
Dithmenos
Elyvilon
Fedhas
Gozag
Kikubaaqudgha
Makhleb
Nemelex Xobeh
Ru
Sif Muna
Trog
Vehumet
Xom
Yredelemnul
Zin
The Shining One

Shops:
D:5 !

Annotations:
D:5 Grinder

... ▒.▒▒▒.▒▒▒ ... '..
▒...▒ ... .▒▒.▒▒▒.▒.▒
▒▒▒.▒▒ . ▒........
▒▒.... ▒.. ▒▒▒.▒▒▒.▒ ▒
▒..... ▒... ▒. ▒.▒
▒▒.▒8▒.g▒ !..▒ ▒ ▒.▒
▒.....8o▒▒▒..▒ ▒.▒▒▒.▒
▒(.H▒.▒..▒ ▒......
▒..5.▒▒..▒ ▒▒▒▒▒▒▒.▒
▒.▒▒...▒▒.▒▒▒...▒▒▒.▒
.. ▒▒▒..▒.▒▒........▒
▒▒▒▒▒▒▒▒▒.▒)▒.........▒
.........).).........▒
.▒▒▒▒▒▒▒▒▒▒........▒▒
▒▒...)...▒ ▒▒...▒▒▒▒


You could see Grinder, an orc warrior and a goblin.


Message History

The orc warrior hits you with a trident!
* * * LOW HITPOINT WARNING * * *
Things that are here:
a dagger; a chain mail; an orc corpse You slash the orc warrior!
You headbutt the orc warrior, but do no damage.
The orc warrior is heavily wounded.
The orc warrior misses you.
You closely miss the orc warrior. Your headbutt misses the orc warrior.
The orc warrior is heavily wounded.
The orc warrior closely misses you. You furiously retaliate!
You headbutt the orc warrior. You closely miss the orc warrior.
Your headbutt misses the orc warrior.
The orc warrior is severely wounded.
Grinder grins, showing sharp teeth.
Grinder gestures.
Grinder blinks!
You hit the orc warrior but do no damage.
Your headbutt misses the orc warrior.
The orc warrior is severely wounded.
The orc warrior hits you with a trident!
* * * LOW HITPOINT WARNING * * *
Use which ability? (? or * to list)
Your skin crawls.
You feel resistant to hostile enchantments.
You feel slightly more hungry.
The orc warrior hits you with a trident.
* * * LOW HITPOINT WARNING * * *
Grinder hits you.
You die...

Action                   |  1- 3 |  4- 6 |  7- 9 || total
-------------------------+-------+-------+-------++-------
Melee: Hand axe          |    88 |   113 |       ||   201
       War axe           |       |    64 |   132 ||   196
Invok: Trog's Hand       |       |     1 |     1 ||     2
       Berserk           |       |     1 |     3 ||     4
  Eat: Chunk             |     1 |     7 |     8 ||    16

Vault maps used:
D:1:      evilmike_arrival_plus
D:2:      nicolae_overflow_crystal_walls, nicolae_overflow_hidden_temple
D:3:      forest_paths, tso_altar, first_bread
D:4:      grunt_temple_overflow_champion_of_chaos,
          grunt_temple_overflow_opulence, lemuel_blue_sif_altar,
          hangedman_decor_points, grunt_dithmenos_shadows, uniq_duvessa
D:5:      bloody_trog, minmay_temple_entry_glass, serial_shops, shop,
          guppyfry_early_orc_mine, uniq_natasha, uniq_grinder,
          uniq_blork_the_orc, uniq_edmund, uniq_eustachio, uniq_sigmund
Temple:   cyrus_temple_forest_13

Notes
Turn   | Place    | Note
--------------------------------------------------------------
     0 | D:1      | DeXoteric, the Minotaur Berserker, began the quest for the Orb.
     0 | D:1      | Reached XP level 1. HP: 19/19 MP: 1/1
   114 | D:1      | Reached skill level 4 in Axes
   155 | D:1      | Reached XP level 2. HP: 20/26 MP: 1/1
   473 | D:1      | Reached skill level 5 in Axes
   487 | D:1      | Reached XP level 3. HP: 28/31 MP: 2/2
   623 | D:1      | Acquired Trog's second power
  1109 | D:2      | Reached XP level 4. HP: 39/39 MP: 2/2
  1149 | D:2      | Reached skill level 6 in Axes
  1251 | D:2      | Found an ancient bone altar of Kikubaaqudgha.
  1488 | D:2      | Found a radiant altar of Vehumet.
  1946 | D:3      | Reached XP level 5. HP: 45/45 MP: 2/2
  1958 | D:3      | Reached skill level 7 in Axes
  2013 | D:3      | Found a glowing golden altar of the Shining One.
  2260 | D:4      | Noticed CcS's ghost (average HuWr)
  2461 | D:3      | Reached skill level 8 in Axes
  2461 | D:3      | Reached XP level 6. HP: 49/51 MP: 3/3
  2657 | D:4      | Found a deep blue altar of Sif Muna.
  2705 | D:4      | Found a shadowy altar of Dithmenos.
  2705 | D:4      | Noticed a phantom
  2728 | D:4      | Killed a phantom
  2728 | D:4      | Reached skill level 9 in Axes
  2820 | D:3      | Acquired Trog's third power
  2870 | D:3      | Reached XP level 7. HP: 54/57 MP: 3/3
  3185 | D:4      | Killed CcS's ghost
  3185 | D:4      | Reached skill level 10 in Axes
  3660 | D:4      | Reached skill level 11 in Axes
  3662 | D:4      | Reached skill level 4 in Fighting
  3718 | D:4      | Found a shimmering altar of Xom.
  3722 | D:4      | Found a burning altar of Makhleb.
  3747 | D:4      | Found an opulent altar of Gozag.
  3747 | D:4      | Found a sparkling altar of Nemelex Xobeh.
  3747 | D:4      | Noticed Duvessa
  3747 | D:4      | Noticed Dowan
  3759 | D:4      | Killed Duvessa
  3759 | D:4      | Reached XP level 8. HP: 67/67 MP: 3/3
  3764 | D:4      | Killed Dowan
  3952 | D:5      | Entered Level 5 of the Dungeon
  3952 | D:5      | Found a bloodstained altar of Trog.
  4131 | D:5      | Reached skill level 5 in Fighting
  4150 | D:5      | Noticed Eustachio
  4156 | D:5      | Killed Eustachio
  4209 | D:5      | Found Inorodips' Distillery.
  4223 | D:5      | Found a staircase to the Ecumenical Temple.
  4223 | D:5      | Noticed Blork the orc
  4233 | D:5      | Killed Blork the orc
  4350 | Temple   | Entered the Ecumenical Temple
  4457 | D:5      | Noticed Natasha
  4461 | D:5      | Killed Natasha
  4485 | D:5      | Reached skill level 6 in Fighting
  4566 | D:5      | Noticed dvner's ghost (average HaWr)
  4576 | D:5      | Noticed Grinder
  4581 | D:5      | Killed dvner's ghost
  4617 | D:5      | HP: 2/71 [orc warrior/trident (15)]
  4618 | D:5      | Slain by Grinder

Vanquished Creatures
  The ghost of CcS the Slasher, an average HuWr of Fedhas (D:4)
  Eustachio (D:5)
  The ghost of dvner the Cutter, an average HaWr (D:5)
  A phantom (D:4)
  Duvessa (D:4)
  Blork the orc (D:5)
  Dowan (D:4)
  2 crimson imps
  A jelly (D:5)
  A hound (D:3)
  5 orc priests
  A gnoll shaman (D:4)
  Natasha (D:5)
  5 orc wizards
  3 worker ants (D:4)
  A hound skeleton (D:5)
  12 adders
  4 gnolls
  A giant mite (D:3)
  5 worms
  An adder skeleton (D:4)
  7 giant geckos
  14 orcs
  A ball python (D:3)
  8 bats
  8 giant cockroaches
  14 hobgoblins
  14 kobolds
  3 quokkas
  3 giant newts
  12 goblins
  5 jackals (D:2)
  A jackal zombie (D:5)
  A quokka skeleton (D:5)
  12 rats
153 creatures vanquished.
